[Event "Titled Tuesday Blitz April 26 Early 2022"]
[White "Tristan, Leonardo"]
[Black "Demchenko, Anton"]
[WhiteFideId "113816"]
[BlackFideId "4160258"]
[WhiteElo "2404"]
[BlackElo "2539"]
[Result "0-1"]
[Round "05"]
[TimeControl "180+1"]
[Date "2022.04.26"]
[WhiteClock "0:00:11"]
[BlackClock "0:00:17"]

1. d4 Nf6 2. Nf3 d6 3. Bf4 g6 4. e3 Bg7 5. Be2 O-O 6. O-O b6 7. h3 Bb7 8. Bh2 Nbd7 9. a4 a6 10. Nbd2 Ne4 11. Nxe4 Bxe4 12. Nd2 Bb7 13. Bf3 Qc8 14. c3 c5 15. Qb3 Rb8 16. Rfd1 h6 17. Rac1 Bc6 18. c4 cxd4 19. exd4 Bxd4 20. Ne4 Nc5 21. Qa3 Bg7 22. Nd2 Nxa4 23. b3 Bb2 24. Qa2 Bxc1 25. Rxc1 Nc5 26. Be2 a5 27. Rb1 e5 28. Qc2 Qf5 29. Qc1 Nd3 30. Qf1 Nf4 31. Bg4 Qd3 32. Qxd3 Nxd3 33. Rd1 f5 34. Be2 Nc5 35. Kf1 f4 36. f3 Rfd8 37. Bg1 Kg7 38. Rb1 g5 39. Bd1 Kf6 40. Bc2 Ke6 41. Ra1 Ra8 42. Ke2 Rdb8 43. Rd1 d5 44. Bxc5 bxc5 45. cxd5+ Bxd5 46. Be4 Rd8 47. Rc1 Rac8 48. Ra1 Bxe4 49. Nxe4 c4 50. bxc4 Rxc4 51. Rxa5 Rc2+ 52. Ke1 Rb8 53. Ra6+ Ke7 54. Ra7+ Kf8 55. Kd1 Rxg2 56. Kc1 Rc8+ 57. Kd1 Rb8 58. Kc1 Rb6 59. Ra8+ Ke7 60. Ra7+ Kd8 61. Ra8+ Kc7 62. Ra7+ Kb8 63. Rh7 Rh2 64. Rxh6 Rxh6 0-1


[Site "https://www.chess.com"]

[Event "Titled Tuesday Blitz April 26 Early 2022"]
[White "Tymrakiewicz, Rafal"]
[Black "Cagara, Paulina"]
[WhiteFideId "1108832"]
[BlackFideId "1124870"]
[WhiteElo "2205"]
[BlackElo "1780"]
[Result "0-1"]
[Round "05"]
[TimeControl "180+1"]
[Date "2022.04.26"]
[WhiteClock "0:00:01"]
[BlackClock "0:01:23"]

1. e4 c6 2. d4 d5 3. exd5 cxd5 4. c4 Nf6 5. Nc3 Nc6 6. Bg5 dxc4 7. Bxc4 Qxd4 8. Qb3 e6 9. Nf3 Qb6 10. Qxb6 axb6 11. O-O Be7 12. Rfd1 O-O 13. Rd2 e5 14. Re1 Bb4 15. Nxe5 Bxc3 16. bxc3 Ra3 17. Bxf6 gxf6 18. Nd7 Bxd7 19. Rxd7 Rxc3 20. Bd5 Nb4 21. Bb3 Rfc8 22. Bxf7+ Kf8 23. g3 Rc1 24. Rxc1 Rxc1+ 25. Kg2 Rc2 26. Bb3 Rb2 0-1


[Site "https://www.chess.com"]

[Event "Titled Tuesday Blitz April 26 Early 2022"]
[White "Urbina Perez, Juan Antonio"]
[Black "Rosenberg, Evan S"]
[WhiteFideId "2217368"]
[BlackFideId "2019299"]
[WhiteElo "2192"]
[BlackElo "2349"]
[Result "0-1"]
[Round "05"]
[TimeControl "180+1"]
[Date "2022.04.26"]
[WhiteClock "0:00:24"]
[BlackClock "0:00:09"]

1. e4 e5 2. Nf3 Nc6 3. Bb5 Nf6 4. d3 Bc5 5. Nbd2 O-O 6. Bxc6 dxc6 7. Nc4 Ng4 8. O-O f6 9. h3 Nxf2 10. Rxf2 Bxf2+ 11. Kxf2 a5 12. a4 Be6 13. Be3 Bxc4 14. dxc4 Qxd1 15. Rxd1 Rad8 16. Rd3 b6 17. Ke2 c5 18. Nd2 Kf7 19. Nb1 Ke6 20. Nc3 c6 21. b3 g6 22. Nd1 f5 23. Nf2 f4 24. Bc1 h5 25. Bb2 g5 26. Rxd8 Rxd8 27. Nd3 g4 28. hxg4 hxg4 29. Nxe5 Rg8 30. Kf2 Rd8 31. Nd3 Rf8 32. Bc3 Rf7 33. Bd2 f3 34. g3 Rh7 35. Nf4+ Ke5 36. Ke3 Rh2 37. Bc3+ Kd6 38. e5+ Ke7 39. Be1 Rxc2 40. Nd3 Re2+ 41. Kf4 Rxe1 42. Nf2 Re2 43. Nxg4 f2 44. Nh2 Re1 45. Nf1 Rxf1 46. Kf3 Re1 47. Kxf2 Rxe5 48. Kf3 Ke6 49. Kf4 Re1 50. g4 Rb1 51. Kg5 Rxb3 52. Kg6 Rb4 53. g5 Rxa4 54. Kg7 Rxc4 55. g6 Rg4 56. Kh7 Rxg6 0-1


[Site "https://www.chess.com"]

[Event "Titled Tuesday Blitz April 26 Early 2022"]
[White "Vagman, Roy"]
[Black "Sirosh, Ilja"]
[WhiteFideId "2828995"]
[BlackFideId "4500458"]
[WhiteElo "1927"]
[BlackElo "2241"]
[Result "1-0"]
[Round "05"]
[TimeControl "180+1"]
[Date "2022.04.26"]
[WhiteClock "0:00:09"]
[BlackClock "0:00:02"]

1. d4 d5 2. c4 e6 3. Nc3 c5 4. cxd5 exd5 5. Nf3 Nf6 6. e3 Nc6 7. Bb5 cxd4 8. Nxd4 Bd7 9. Nxc6 bxc6 10. Bd3 Bd6 11. O-O O-O 12. h3 Qe7 13. Ne2 Ne4 14. Nf4 Qe5 15. Qf3 g5 16. Bxe4 dxe4 17. Qg3 Kh8 18. Ne2 Qf6 19. f4 gxf4 20. Nxf4 Rg8 21. Qf2 Bxf4 22. Qxf4 Qxf4 23. Rxf4 Bxh3 24. Rf2 Be6 25. Bd2 Rg3 26. Bc3+ Kg8 27. Kh2 Rxe3 28. Rd1 Rd3 29. Re1 f5 30. g4 e3 31. Rf3 fxg4 32. Rfxe3 Rxe3 33. Rxe3 Re8 34. Kg3 h5 35. Re5 Bf7 36. Rg5+ Kf8 37. Bb4+ Re7 38. Bxe7+ Kxe7 39. Ra5 Kf6 40. Kf4 Bd5 41. Rxa7 Be6 42. Ra6 Bd7 43. a4 h4 44. Ra7 Be6 45. Rh7 h3 46. Rh6+ Ke7 47. b4 Kd7 48. a5 Bd5 49. Kxg4 Bg2 50. Kg3 Kc7 51. Rh7+ Kb8 52. Rh8+ Kb7 53. Rh6 Ka6 54. Kf4 Kb5 55. Ke5 Kxb4 56. a6 c5 57. a7 c4 58. Kd4 c3 59. Rb6+ Ka5 60. Rb8 h2 61. a8=Q+ Bxa8 62. Rxa8+ Kb4 63. Ra1 c2 64. Rc1 Kb3 65. Kd3 h1=Q 66. Rxh1 Kb2 67. Rh2 1-0


[Site "https://www.chess.com"]

[Event "Titled Tuesday Blitz April 26 Early 2022"]
[White "Vakhlamov, Igor L."]
[Black "Aaditya Dhingra"]
[WhiteFideId "24126748"]
[BlackFideId "25678191"]
[WhiteElo "2401"]
[BlackElo "1849"]
[Result "1-0"]
[Round "05"]
[TimeControl "180+1"]
[Date "2022.04.26"]
[WhiteClock "0:00:51"]
[BlackClock "0:00:31"]

1. e4 c5 2. Nf3 e6 3. Nc3 Nc6 4. Bb5 Nd4 5. Bd3 g6 6. Nxd4 cxd4 7. Nb5 e5 8. c3 a6 9. Qa4 Rb8 10. Na3 b5 11. Qb3 dxc3 12. dxc3 Bg7 13. O-O Ne7 14. Bg5 h6 15. Bh4 g5 16. Bg3 O-O 17. Nc2 d5 18. Nb4 dxe4 19. Bxe4 Be6 20. Qa3 f5 21. Rad1 Qe8 22. Nxa6 Rc8 23. Bb7 f4 24. Bxc8 Bxc8 25. Nc7 Qc6 26. Qxe7 fxg3 27. fxg3 Bb7 28. Qe6+ 1-0


[Site "https://www.chess.com"]

[Event "Titled Tuesday Blitz April 26 Early 2022"]
[White "Vasquez Schroeder, Rodrigo"]
[Black "Hua, Lefong"]
[WhiteFideId "3400042"]
[BlackFideId "2602253"]
[WhiteElo "2561"]
[BlackElo "2616"]
[Result "1-0"]
[Round "05"]
[TimeControl "180+1"]
[Date "2022.04.26"]
[WhiteClock "0:01:32"]
[BlackClock "0:00:11"]

1. e4 c5 2. Nf3 g6 3. d4 cxd4 4. Nxd4 Bg7 5. c4 Nc6 6. Be3 Nf6 7. Nc3 Ng4 8. Qxg4 Nxd4 9. Qd1 e5 10. Bd3 O-O 11. O-O d6 12. Qd2 Be6 13. Rac1 a6 14. b3 Qd7 15. Ne2 b5 16. Nxd4 exd4 17. Bf4 Rfc8 18. cxb5 axb5 19. Rxc8+ Qxc8 20. Bxb5 Qc3 21. Rd1 Be5 22. Bh6 Qxd2 23. Rxd2 f5 24. Bd3 Kf7 25. g3 fxe4 26. Bxe4 d5 27. Bd3 Bf5 28. Bxf5 gxf5 29. Bf4 Kf6 30. Kf1 Rc8 31. Bxe5+ Kxe5 32. Re2+ Kd6 33. Ke1 d3 34. Rb2 Ke5 35. Kd2 Kd4 36. b4 Re8 37. Kd1 Kc3 38. Rb3+ Kc4 39. b5 Ra8 40. b6 Rxa2 41. b7 Ra1+ 42. Kd2 Ra2+ 43. Ke3 Re2+ 44. Kf3 Re8 45. b8=Q 1-0


[Site "https://www.chess.com"]

[Event "Titled Tuesday Blitz April 26 Early 2022"]
[White "Vovk, Orest"]
[Black "Sanchez, Robert"]
[WhiteFideId "14113490"]
[BlackFideId "2034360"]
[WhiteElo "2203"]
[BlackElo "2411"]
[Result "1-0"]
[Round "05"]
[TimeControl "180+1"]
[Date "2022.04.26"]
[WhiteClock "0:01:08"]
[BlackClock "0:01:04"]

1. d3 d5 2. Nd2 e5 3. e4 Nf6 4. Ngf3 Nc6 5. Be2 Bc5 6. O-O O-O 7. h3 a6 8. c3 Ba7 9. Re1 Re8 10. Bf1 h6 11. exd5 Nxd5 12. Nc4 Qf6 13. d4 e4 14. Qe2 Bxh3 15. gxh3 exf3 16. Qxe8+ Rxe8 17. Rxe8+ Kh7 18. Bd3+ g6 19. Bd2 Nf4 20. Bxf4 Qxf4 21. Re4 Qf5 22. Kh2 Nd8 23. Ne5 c6 24. Re3 Qf4+ 25. Kh1 Bb8 26. Rxf3 Qh4 27. Nxf7 Nxf7 28. Rxf7+ Kg8 29. Rf3 Bf4 30. Bxg6 1-0


[Site "https://www.chess.com"]

[Event "Titled Tuesday Blitz April 26 Early 2022"]
[White "Wachinger, Guenther"]
[Black "Vlassov, Nikolai"]
[WhiteFideId "4604261"]
[BlackFideId "4103360"]
[WhiteElo "2212"]
[BlackElo "2407"]
[Result "0-1"]
[Round "05"]
[TimeControl "180+1"]
[Date "2022.04.26"]
[WhiteClock "0:00:34"]
[BlackClock "0:00:40"]

1. e4 c5 2. Nf3 d6 3. d4 cxd4 4. Nxd4 Nf6 5. Nc3 g6 6. Be3 Bg7 7. f3 a6 8. Qd2 h5 9. O-O-O b5 10. g3 Bb7 11. Bg2 Nbd7 12. f4 b4 13. Nd5 a5 14. Rhe1 O-O 15. Kb1 Rc8 16. f5 Nc5 17. Bh6 Nfxe4 18. Bxe4 Nxe4 19. Rxe4 Bxd5 20. Bxg7 Kxg7 21. Ree1 Rc5 22. fxg6 fxg6 23. Qe3 e5 24. Nb3 Bxb3 25. axb3 Qc7 26. Re2 Qc6 27. Red2 Rf6 28. Qg5 e4 29. Qe3 a4 30. bxa4 Qxa4 31. Rxd6 Qxc2+ 32. Ka2 Ra5+ 33. Qa3 Rxa3# 0-1


[Site "https://www.chess.com"]

[Event "Titled Tuesday Blitz April 26 Early 2022"]
[White "Wagner, Dennis"]
[Black "Elgersma, Onno"]
[WhiteFideId "24650684"]
[BlackFideId "1053531"]
[WhiteElo "2355"]
[BlackElo "2304"]
[Result "1/2-1/2"]
[Round "05"]
[TimeControl "180+1"]
[Date "2022.04.26"]
[WhiteClock "0:00:05"]
[BlackClock "0:00:12"]

1. d4 Nf6 2. c4 e6 3. Nc3 d5 4. Bg5 Nbd7 5. cxd5 exd5 6. e3 Be7 7. Bd3 c6 8. h3 h6 9. Bf4 Nf8 10. Nf3 Bd6 11. Be5 Ne6 12. Qc2 Ng5 13. O-O-O a5 14. Kb1 Qe7 15. Bxd6 Qxd6 16. Ne5 O-O 17. f4 Nge4 18. Nxe4 Nxe4 19. Bxe4 dxe4 20. Qxe4 f5 21. Qc2 Be6 22. Qc5 Qd5 23. g4 Qxa2+ 24. Kc1 Bb3 25. Qa3 Qxa3 26. bxa3 Bxd1 27. Kxd1 fxg4 28. hxg4 Rac8 29. Ke2 Rfd8 30. Rb1 c5 31. dxc5 Rxc5 32. Rxb7 Rc2+ 33. Kf3 Rc3 34. a4 Ra3 35. Nc6 Re8 36. Ne7+ Kf7 37. Nf5+ Kf6 38. Rb6+ Re6 39. Rb8 Kg6 40. Rb7 Kf6 41. Rb8 h5 42. Rf8+ Kg6 43. Nh4+ Kh7 44. gxh5 Rexe3+ 45. Kg4 Rg3+ 46. Kf5 Rh3 47. Ng6 Rxh5+ 48. Kg4 Kxg6 49. f5+ Kh7 50. Kxh5 Rxa4 51. Kg5 Rb4 52. Ra8 a4 53. Ra7 Kg8 54. Kg6 Rb6+ 55. Kg5 Rb4 56. Kg6 Rg4+ 57. Kh5 Rf4 58. Kg5 Rb4 1/2-1/2


[Site "https://www.chess.com"]

[Event "Titled Tuesday Blitz April 26 Early 2022"]
[White "Wartiovaara, Oliver"]
[Black "Bristy, Mukherjee"]
[WhiteFideId "513024"]
[BlackFideId "25077325"]
[WhiteElo "1971"]
[BlackElo "1661"]
[Result "0-1"]
[Round "05"]
[TimeControl "180+1"]
[Date "2022.04.26"]
[WhiteClock "0:00:02"]
[BlackClock "0:00:39"]

1. e4 g6 2. d4 Bg7 3. Nf3 c5 4. c3 cxd4 5. cxd4 d5 6. e5 Nc6 7. Bb5 Bg4 8. Bxc6+ bxc6 9. O-O Bxf3 10. Qxf3 e6 11. Nc3 Ne7 12. Nb1 O-O 13. Nc3 Nf5 14. Rd1 Qh4 15. g3 Qd8 16. Rb1 Qa5 17. g4 Ne7 18. Bg5 Nc8 19. b4 Qa6 20. Bf6 Rb8 21. Bxg7 Kxg7 22. Qf6+ Kg8 23. Rb3 Qb6 24. Ne2 Qd8 25. g5 Qxf6 26. gxf6 Nb6 27. Nf4 Nd7 28. Nd3 Rfc8 29. Rc1 Nb6 30. Nb2 Nd7 31. Na4 Kf8 32. Rbc3 Rxb4 33. Rxc6 Rd8 34. Nc5 Nxc5 35. R1xc5 Rxd4 36. Rc7 Ra4 37. Re7 Kg8 38. Rcc7 Rf8 39. Rxa7 Re4 40. Reb7 Rxe5 41. a4 Rf5 42. a5 Rxf6 43. a6 e5 44. Rd7 d4 45. Rd5 Re6 46. Ra5 Kg7 47. Rd7 Ra8 48. a7 Ree8 49. f3 Kh6 50. Kf2 f5 51. Rdd5 Kg5 52. Rxe5 Rxe5 53. Rxe5 Rxa7 54. Rd5 Ra2+ 55. Kg3 Ra4 56. h4+ Kh6 57. Rd7 Rc4 58. Kh3 Rb4 59. Kg3 Ra4 60. Kh3 Ra3 61. Kg3 Rd3 62. Kf4 Rd1 63. Kg3 d3 64. Kf4 d2 65. Ke3 Rh1 66. Kxd2 Rxh4 67. Ke3 Rh1 68. Kf2 Kg5 69. Kg2 Rh4 70. Kg3 h5 71. Rg7 Rb4 72. Kg2 h4 73. Rg8 Rb2+ 74. Kh3 Rb3 75. Kg2 h3+ 76. Kxh3 Rxf3+ 77. Kg2 Ra3 78. Rb8 Ra6 79. Rb4 f4 80. Kf3 Ra3+ 81. Kf2 Kg4 82. Rb5 g5 83. Rc5 Ra2+ 84. Kf1 f3 85. Rc3 Kg3 86. Ke1 g4 87. Rc4 Ra1+ 88. Kd2 f2 89. Rxg4+ 0-1


[Site "https://www.chess.com"]

[Event "Titled Tuesday Blitz April 26 Early 2022"]
[White "Xiong, Jeffery"]
[Black "Kamsky, Gata"]
[WhiteFideId "2047640"]
[BlackFideId "2000024"]
[WhiteElo "2727"]
[BlackElo "2645"]
[Result "0-1"]
[Round "05"]
[TimeControl "180+1"]
[Date "2022.04.26"]
[WhiteClock "0:00:08"]
[BlackClock "0:00:13"]

1. c4 e5 2. Nc3 Nc6 3. g3 Bc5 4. Bg2 a6 5. e3 Nge7 6. Nge2 Ba7 7. d4 d6 8. O-O O-O 9. b3 Bd7 10. Bb2 f6 11. Nd5 Nxd5 12. cxd5 Ne7 13. Rc1 Kh8 14. Qd2 Bb6 15. f4 Nf5 16. e4 Nh6 17. Kh1 Qe8 18. h3 Qh5 19. f5 Bb5 20. Ng1 Bxf1 21. Rxf1 exd4 22. Ne2 Ng4 23. Bxd4 Ne5 24. Nf4 Qh6 25. Qf2 Bxd4 26. Qxd4 Rfc8 27. Qb4 b5 28. Rd1 c5 29. Qa5 c4 30. Qb6 cxb3 31. axb3 Qg5 32. Kh2 Rc3 33. Qf2 Rac8 34. Ne6 Qh5 35. Qf1 Ng4+ 36. Kg1 Ne3 37. Nf4 Qxd1 0-1


[Site "https://www.chess.com"]

[Event "Titled Tuesday Blitz April 26 Early 2022"]
[White "Zhigalko, Sergei"]
[Black "Daneshvar, Bardiya"]
[WhiteFideId "13502956"]
[BlackFideId "12576468"]
[WhiteElo "2662"]
[BlackElo "2330"]
[Result "0-1"]
[Round "05"]
[TimeControl "180+1"]
[Date "2022.04.26"]
[WhiteClock "0:00:01"]
[BlackClock "0:00:42"]

1. e4 Nf6 2. e5 Nd5 3. Nf3 d6 4. d4 g6 5. Bc4 Nb6 6. Bb3 Bg7 7. Qe2 O-O 8. h3 c5 9. dxc5 dxc5 10. O-O c4 11. Bxc4 Nxc4 12. Qxc4 Nc6 13. Re1 Bf5 14. c3 Qd3 15. Qh4 h5 16. Bg5 f6 17. exf6 exf6 18. Be3 Rfe8 19. Nbd2 Rad8 20. Rac1 b5 21. Qg3 g5 22. Nb3 Qd5 23. Nfd4 Be4 24. f3 Bg6 25. Nxc6 Qxc6 26. h4 g4 27. fxg4 Re4 28. gxh5 Bxh5 29. Nd4 Qd5 30. Bf4 Rde8 31. Rxe4 Qxe4 32. Bh6 Re7 33. Rf1 Kh7 34. Bf4 f5 35. Nf3 Bxf3 36. Qxf3 Qc2 37. Bg5 Re2 38. Qxf5+ Qxf5 39. Rxf5 Rxb2 40. Rf7 Kg6 41. Rxa7 Bxc3 42. Ra6+ Kf5 43. Kh2 Kg4 44. Re6 Rxa2 45. Re4+ Kf5 46. Rf4+ Kg6 47. Kh3 Be5 0-1


[Site "https://www.chess.com"]

[Event "Titled Tuesday Blitz April 26 Early 2022"]
[White "Zia, Tahsin Tajwar"]
[Black "Onslow, Alfie"]
[WhiteFideId "10211888"]
[BlackFideId "436976"]
[WhiteElo "1800"]
[BlackElo "1884"]
[Result "1/2-1/2"]
[Round "05"]
[TimeControl "180+1"]
[Date "2022.04.26"]
[WhiteClock "0:00:08"]
[BlackClock "0:00:01"]

1. d4 Nf6 2. Nf3 c5 3. d5 b5 4. c4 a6 5. g3 g6 6. Bg2 d6 7. O-O Bg7 8. Re1 O-O 9. Nc3 b4 10. Nb1 Nbd7 11. Nbd2 a5 12. a4 bxa3 13. Rxa3 Nb6 14. e4 Nfd7 15. Qc2 a4 16. b3 axb3 17. Qxb3 Rxa3 18. Qxa3 Qc7 19. Bb2 Bxb2 20. Qxb2 Ba6 21. Qc2 Ra8 22. e5 dxe5 23. h3 Bb7 24. h4 h5 25. Ne4 Nc8 26. Qd2 Nd6 27. Qh6 Nxe4 28. Rxe4 Ra1+ 29. Kh2 Nf6 30. Ng5 Qd8 31. Bf3 Qf8 32. Qxf8+ Kxf8 33. Rxe5 Rc1 34. Be2 Ba6 35. Kg2 Bxc4 36. Bxc4 Rxc4 37. Re1 Rd4 38. Rb1 Rxd5 39. Rb8+ Kg7 40. Rc8 Ng4 41. f3 Rd2+ 42. Kg1 Ne3 43. Rc7 Nf5 44. g4 hxg4 45. fxg4 Nxh4 46. Rxe7 Kf6 47. Ne4+ Kxe7 48. Nxd2 Kd6 49. Kf2 Ke5 50. Kg3 g5 51. Nc4+ Kd4 52. Nd6 c4 53. Kf2 c3 54. Ke2 f6 55. Nb5+ Kc4 56. Nd6+ Kd5 57. Ne8 Ke6 58. Nc7+ Kd7 59. Nd5 Ke6 60. Nxc3 Ng6 61. Kf3 Ne5+ 62. Kg3 Kd6 63. Ne4+ Ke6 64. Nc5+ Kd6 65. Ne4+ Ke6 66. Nf2 Kd5 67. Nd1 Ke4 68. Nc3+ Kd4 69. Nb5+ Kd5 70. Nc3+ Kd4 71. Nb5+ Kc5 72. Nc3 Kd4 1/2-1/2


[Site "https://www.chess.com"]

[Event "Titled Tuesday Blitz April 26 Early 2022"]
[White "Zlatin, Alexander"]
[Black "Lauridsen, Jesper Morch"]
[WhiteFideId "2810549"]
[BlackFideId "1401890"]
[WhiteElo "2228"]
[BlackElo "2293"]
[Result "1-0"]
[Round "05"]
[TimeControl "180+1"]
[Date "2022.04.26"]
[WhiteClock "0:00:04"]
[BlackClock "0:00:01"]

1. d4 Nf6 2. Nc3 d5 3. Bf4 c6 4. e3 Qa5 5. Bd3 e6 6. Ne2 Nh5 7. O-O Nxf4 8. Nxf4 Bd6 9. Qh5 Qc7 10. Nce2 g6 11. Qh6 Bf8 12. Qh4 Be7 13. Qg3 h5 14. c4 g5 15. Nxh5 Bd6 16. Qxg5 Bxh2+ 17. Kh1 Bd6 18. g4 Be7 19. Qg7 Rf8 20. Nef4 e5 21. dxe5 Nd7 22. cxd5 Nxe5 23. Bf5 Bxf5 24. gxf5 O-O-O 25. dxc6 Rg8 26. cxb7+ Kb8 27. Qh7 Rh8 28. Qg7 Rdg8 29. Qxg8+ Rxg8 30. f6 Bd8 31. Rg1 Rh8 32. Rad1 Bxf6 33. Rg2 Ng6 34. Kg1 Nxf4 35. Nxf4 Be5 36. Nd3 1-0


[Site "https://www.chess.com"]

[Event "Titled Tuesday Blitz April 26 Early 2022"]
[White "volunteers1998"]
[Black "Estrada Nieto, Julian"]
[BlackFideId "5101018"]
[WhiteElo "2300"]
[BlackElo "2252"]
[Result "1-0"]
[Round "05"]
[TimeControl "180+1"]
[Date "2022.04.26"]
[WhiteClock "0:00:42"]
[BlackClock "0:01:17"]

1. e4 e5 2. Nf3 Nc6 3. Bc4 Bc5 4. b4 Bb6 5. a4 a6 6. c3 Nf6 7. d3 d6 8. h3 h6 9. O-O O-O 10. Qe2 Re8 11. Be3 Be6 12. Bxe6 Rxe6 13. Bxb6 cxb6 14. Nbd2 Rc8 15. Rac1 d5 16. Rfd1 d4 17. cxd4 exd4 18. b5 axb5 19. axb5 Ne5 20. Rxc8 Nxf3+ 21. Nxf3 Qxc8 22. Nxd4 Re5 23. f4 Rh5 24. Nf5 Rxf5 25. exf5 Qxf5 26. Qe5 Qd7 27. d4 Nd5 28. Re1 Kh7 29. Qe8 Qd6 30. Qxf7 Nxf4 31. Qf5+ Ng6 32. Re6 Qxd4+ 33. Kh2 Qf4+ 34. Qxf4 Nxf4 35. Rxb6 g5 36. Rxb7+ Kg6 37. Rc7 Kf5 38. b6 Nd5 39. b7 Nb6 40. b8=Q 1-0


[Site "https://www.chess.com"]

[Event "Titled Tuesday Blitz April 26 Early 2022"]
[White "Aaditya Dhingra"]
[Black "Jarocka, Liwia"]
[WhiteFideId "25678191"]
[BlackFideId "21807558"]
[WhiteElo "1849"]
[BlackElo "1896"]
[Result "1/2-1/2"]
[Round "06"]
[TimeControl "180+1"]
[Date "2022.04.26"]
[WhiteClock "0:00:13"]
[BlackClock "0:00:07"]

1. d4 Nf6 2. c4 e6 3. Nc3 Bb4 4. e3 O-O 5. Bd3 d5 6. cxd5 exd5 7. Ne2 c6 8. O-O Bg4 9. Qc2 Bh5 10. Nf4 Bg6 11. Nxg6 hxg6 12. Bd2 Re8 13. Rae1 Nbd7 14. f3 c5 15. Nb5 Bxd2 16. Qxd2 cxd4 17. Nxd4 Ne5 18. Rc1 Qb6 19. Rc3 Re7 20. Rb3 Qd8 21. Rc1 Nxd3 22. Rxd3 Rc8 23. Rdc3 Rxc3 24. Qxc3 Qe8 25. Kf2 Nd7 26. Qc8 Nb6 27. Qxe8+ Rxe8 28. b3 Rc8 29. Rxc8+ Nxc8 30. Ke2 Kf8 31. Nb5 a6 32. Nc7 Nb6 33. a4 a5 34. Kd3 Ke7 35. Kd4 Kd6 36. Nb5+ Kc6 37. Nc3 f6 38. h4 Kd6 39. Ne2 g5 40. hxg5 fxg5 41. g4 Nd7 42. Nc3 Nc5 43. Nb5+ Kc6 44. Na7+ Kd6 45. Nc8+ Kc6 46. Ne7+ Kd6 47. Nf5+ Kc6 48. Kc3 Ne6 49. b4 axb4+ 50. Kxb4 Kb6 51. a5+ Ka6 52. Ne7 d4 53. e4 d3 54. Kc3 Kxa5 55. Kxd3 b5 56. Kc3 b4+ 57. Kc4 Ka4 58. Nd5 b3 59. Kc3 Ka3 60. Ne3 Ka2 61. Nc4 Nc5 62. e5 Ne6 63. Nb2 Nf4 64. Nd1 g6 65. Nb2 Nd5+ 66. Kc4 Kxb2 67. Kxd5 Ka2 68. e6 b2 69. e7 b1=Q 70. e8=Q Qd3+ 71. Kc5 Qc3+ 72. Kb6 Qxf3 73. Qxg6 Qf4 1/2-1/2


[Site "https://www.chess.com"]

[Event "Titled Tuesday Blitz April 26 Early 2022"]
[White "Akrakan"]
[Black "Sihite, Chelsie Monica Ignesias"]
[BlackFideId "7101198"]
[WhiteElo "2067"]
[BlackElo "2224"]
[Result "1-0"]
[Round "06"]
[TimeControl "180+1"]
[Date "2022.04.26"]
[WhiteClock "0:00:20"]
[BlackClock "0:01:36"]

1. e4 e5 2. Nf3 Nc6 3. Bc4 Bc5 4. O-O Nf6 5. b4 Bd6 6. Re1 O-O 7. b5 Na5 8. Bf1 c5 9. c4 h6 10. Bb2 Re8 11. Nc3 a6 12. a4 b6 13. Nd5 Bb7 14. d3 Bxd5 15. cxd5 axb5 16. axb5 Nb7 17. Qb3 Ra5 18. Bc3 Qc7 19. Bxa5 Nxa5 20. Qb2 Nh5 21. g3 Qd8 22. Nd2 Qg5 23. Nc4 Nxc4 24. dxc4 f5 25. exf5 e4 26. Ra7 e3 27. Rxe3 Rxe3 28. fxe3 Qxe3+ 29. Qf2 Qe7 30. Kg2 Qg5 31. Rxd7 Be5 32. Rb7 Nf4+ 33. Kh1 Nh5 34. Rxb6 Bd4 35. Qf3 Qc1 36. d6 Nf6 37. Rb7 Qd2 38. d7 Be5 39. Qd5+ Nxd5 40. d8=Q+ Kh7 41. Qxd5 Qe1 42. Qf3 Bf6 43. Rf7 Qa1 44. b6 Bd4 45. b7 Qb1 46. Rd7 Be5 47. Kg2 Qb2+ 48. Kh3 Qb1 49. Bd3 Qb6 50. f6+ Kh8 51. f7 Qe6+ 52. Qg4 Qf6 53. Qf5 1-0


[Site "https://www.chess.com"]

[Event "Titled Tuesday Blitz April 26 Early 2022"]
[White "Alekseenko, Kirill"]
[Black "Drygalov, Sergey"]
[WhiteFideId "4135539"]
[BlackFideId "24171743"]
[WhiteElo "2682"]
[BlackElo "2514"]
[Result "1-0"]
[Round "06"]
[TimeControl "180+1"]
[Date "2022.04.26"]
[WhiteClock "0:00:08"]
[BlackClock "0:00:03"]

1. e4 c5 2. Nf3 d6 3. d4 cxd4 4. Nxd4 Nf6 5. Nc3 a6 6. Be2 e5 7. Nb3 Be7 8. O-O O-O 9. Kh1 Nc6 10. f4 exf4 11. Bxf4 b5 12. a3 Be6 13. Qe1 Ne5 14. Rd1 Qc7 15. Nd4 Rab8 16. Qg3 b4 17. axb4 Rxb4 18. b3 Ng6 19. Bc1 Qc5 20. Ba3 a5 21. Bxb4 axb4 22. Na4 Qc7 23. Nxe6 fxe6 24. Bc4 Kh8 25. Qe1 e5 26. Qe3 Rb8 27. Nb2 Qc6 28. Rde1 Bd8 29. Nd3 Bb6 30. Qh3 Bd4 31. Qf5 Qc7 32. Qg5 Qe7 33. Qg3 Qb7 34. Qf3 Rf8 35. Qe2 h5 36. Bd5 Qd7 37. Nxb4 Bc3 38. Nd3 Bxe1 39. Rxe1 Kh7 40. Rf1 Qg4 41. Qxg4 hxg4 42. Be6 Kh6 43. Bf5 Ne7 44. Kg1 Ra8 45. Be6 Ra2 46. Nb4 Rb2 47. Re1 Ng6 48. g3 Nf8 49. Bc4 N8d7 50. Bd3 Nc5 51. Kf1 Nxd3 52. Nxd3 Rxc2 53. Nf2 Kg5 54. Rd1 Rb2 55. Rd3 d5 56. exd5 e4 57. Rd4 Kf5 58. d6 Rb1+ 59. Ke2 Rb2+ 60. Rd2 Rxd2+ 61. Kxd2 Ke5 62. Nxg4+ Nxg4 63. d7 e3+ 64. Ke2 1-0


[Site "https://www.chess.com"]

[Event "Titled Tuesday Blitz April 26 Early 2022"]
[White "Allahverdiyeva, Ayan"]
[Black "Sargsyan, Anna M."]
[WhiteFideId "13412590"]
[BlackFideId "13308130"]
[WhiteElo "2344"]
[BlackElo "2627"]
[Result "0-1"]
[Round "06"]
[TimeControl "180+1"]
[Date "2022.04.26"]
[WhiteClock "0:00:16"]
[BlackClock "0:00:36"]

1. e4 c6 2. d4 d5 3. e5 Bf5 4. Nf3 e6 5. Be2 Nd7 6. O-O h6 7. a4 Qc7 8. a5 a6 9. c4 Bb4 10. Bd2 Bxd2 11. Qxd2 Ne7 12. Rc1 dxc4 13. Na3 c3 14. bxc3 O-O 15. Nc4 Bh7 16. Qb2 c5 17. Nd6 Rab8 18. Qa3 Nd5 19. Bf1 f6 20. c4 Nf4 21. Qe3 fxe5 22. dxe5 Qc6 23. Rd1 Bg6 24. Nh4 Bh5 25. g3 Bxd1 26. Rxd1 g5 27. gxf4 gxh4 28. Qh3 Kh8 29. Qxe6 Rg8+ 0-1


[Site "https://www.chess.com"]

[Event "Titled Tuesday Blitz April 26 Early 2022"]
[White "Al-Tarboush, Ward"]
[Black "Maksimovic, Bojan"]
[WhiteFideId "7601450"]
[BlackFideId "14408120"]
[WhiteElo "2507"]
[BlackElo "2763"]
[Result "0-1"]
[Round "06"]
[TimeControl "180+1"]
[Date "2022.04.26"]
[WhiteClock "0:01:58"]
[BlackClock "0:02:29"]

1. e4 e5 2. Nf3 Nf6 3. Nxe5 d6 4. Nf3 Nxe4 5. d4 Nf6 6. Bd3 d5 7. Bg5 Be7 8. Nc3 O-O 9. Qd2 c6 10. O-O-O Bg4 11. h3 Bxf3 12. g3 Bxh1 13. Rxh1 Ne4 14. Nxe4 dxe4 15. Bxe7 Qxe7 16. Re1 f5 17. Bc4+ Kh8 18. h4 Nd7 19. h5 h6 20. Rg1 Nf6 21. Kb1 Ng4 22. Qf4 Rae8 23. a3 e3 24. f3 Nf2 25. g4 fxg4 26. Qg3 Rxf3 27. Qg2 e2 28. Re1 Qf6 29. Rxe2 Rxe2 30. Bxe2 Qxd4 31. Bxf3 gxf3 32. Qxf3 Qd1+ 33. Qxd1 Nxd1 34. Kc1 Ne3 35. Kd2 Nf1+ 36. Ke2 Ng3+ 37. Kf3 Nxh5 38. Ke4 Nf6+ 39. Ke5 h5 40. Kf4 h4 0-1


[Site "https://www.chess.com"]

[Event "Titled Tuesday Blitz April 26 Early 2022"]
[White "Ambartsumova, Karina"]
[Black "Jumabayev, Rinat"]
[WhiteFideId "4166299"]
[BlackFideId "13702661"]
[WhiteElo "2262"]
[BlackElo "2561"]
[Result "0-1"]
[Round "06"]
[TimeControl "180+1"]
[Date "2022.04.26"]
[WhiteClock "0:00:18"]
[BlackClock "0:00:55"]

1. Nf3 d5 2. d4 Nf6 3. c4 c6 4. g3 dxc4 5. Bg2 b5 6. Ne5 e6 7. O-O Bb7 8. b3 cxb3 9. axb3 Be7 10. Nc3 Qb6 11. Be3 Nd5 12. Nxd5 cxd5 13. Rc1 Nc6 14. Nd3 O-O 15. Nc5 a5 16. Nd7 Qd8 17. Nxf8 Bxf8 18. Qd3 Qb6 19. Rb1 Nb4 20. Qd2 a4 21. bxa4 bxa4 22. Qc3 a3 23. Rb3 a2 24. Ra1 Ba6 25. Bd2 Bc4 26. Rxb4 Bxb4 27. Qxb4 Qxb4 28. Bxb4 Rb8 29. Bc3 Rb3 30. Ba5 Rb1+ 0-1


[Site "https://www.chess.com"]